 Dungeon Crawl Stone Soup version 0.30-a0-591-g3c58d2bc28 (webtiles) character file.

Game seed: 13216583109256673349

1339 wormed the Nimble (level 8, -12/38 HPs)
             Began as a Felid Summoner on Jan 5, 2023.
             Was an Initiate of Gozag.
             Killed from afar by a raiju (15 damage)
             ... with a living lightning
             ... on level 2 of the Abyss.
             The game lasted 00:41:13 (14092 turns).

wormed the Nimble (Felid Summoner)                 Turns: 14092, Time: 00:41:14

Health: -12/38     AC:  4    Str:  4    XL:     8   Next: 35%
Magic:  19/19      EV: 22    Int: 22    God:    Gozag
Gold:   716        SH:  0    Dex: 16    Spells: 7/20 levels left
                                        Lives:  0   Deaths: 2

rFire   . . .      SeeInvis +    (weapon unavailable)
rCold   + . .      Faith    .    (shield unavailable)
rNeg    + . .      Spirit   .    (body armour unavailable)
rPois   .          Reflect  .    (helmet unavailable)
rElec   .          Harm     .    (cloak unavailable)
rCorr   .          Rampage  .    (gloves unavailable)
Will    +....                    (boots unavailable)
Stlth   ++                       (no amulet)
HPRegen 0.26/turn                r - ring of protection from cold
MPRegen 0.16/turn                B - ring of positive energy

@: quick
A: very small, claws 1, fangs 3, see invisible, speed 1, shaggy fur 2, stealthy
paws, no weapons or thrown items, no armour, multi-lived, iridescent scales 1
a: Renounce Religion, Potion Petition, Call Merchant, Bribe Branch


You were on level 2 of the Abyss.
You worshipped Gozag.
Gozag was pleased with you.
You visited 2 branches of the dungeon, and saw 11 of its levels.
You visited the Abyss 1 time.

You collected 950 gold pieces.
You spent 91 gold pieces at shops.
You paid 143 gold pieces to Gozag.

Inventory:

Jewellery
 r - a ring of protection from cold (left paw)
 B - a ring of positive energy (right paw)
Wands
 q - a wand of charming (7)
 y - a wand of flame (31) (quivered)
Scrolls
 b - 3 scrolls of fog
 f - 7 scrolls of teleportation
 g - 5 scrolls of fear
 j - 3 scrolls of torment {unknown}
 k - a scroll of poison {unknown}
 l - 4 scrolls of blinking {unknown}
 n - 3 scrolls of noise {unknown}
 s - 3 scrolls of immolation
 t - 2 scrolls of silence
 w - a scroll of vulnerability {unknown}
 D - 4 scrolls of amnesia {unknown}
 E - a scroll of enchant armour {unknown}
Potions
 a - 3 potions of magic
 c - 3 potions of invisibility {unknown}
 d - 4 potions of haste
 e - 2 potions of mutation
 h - a potion of lignification {unknown}
 m - 2 potions of curing
 o - 3 potions of heal wounds {unknown}
 p - 2 potions of degeneration {unknown}
 u - 2 potions of ambrosia
 v - 2 potions of might
 x - 2 potions of resistance {unknown}
 z - 3 potions of cancellation {unknown}
 A - 2 potions of flight {unknown}
 F - a potion of attraction {unknown}


   Skills:
 + Level 6.2 Fighting
 + Level 8.7 Dodging
 - Level 2.6 Stealth
 + Level 6.9 Spellcasting
 - Level 5.0 Hexes
 + Level 8.3 Summonings
 + Level 5.0 Air Magic


You had 7 spell levels left.
You knew the following spells:

 Your Spells              Type           Power      Damage    Failure   Level
a - Summon Small Mammal   Summ           100%       N/A       1%          1
b - Call Canine Familiar  Summ           44%        N/A       1%          3
c - Summon Guardian Gole  Hex/Summ       37%        N/A       1%          3
d - Summon Lightning Spi  Summ/Air       37%        N/A       5%          4
e - Blink                 Tloc           14%        N/A       13%         2

Your spell library contained the following spells:

 Spells                   Type           Power      Damage    Failure   Level
 Call Imp                 Summ           44%        N/A       1%          2
 Swiftness                Air            29%        N/A       3%          3
 Tukima's Dance           Hex            29%        N/A       3%          3
 Ensorcelled Hibernation  Hex/Ice        36%        N/A       4%          2
 Cigotuvi's Dreadful Rot  Necr/Pois/Air  28%        N/A       6%          2
 Apportation              Tloc           14%        N/A       9%          1
 Beastly Appendage        Tmut           14%        N/A       9%          1
 Freeze                   Ice            28%        1d5       9%          1
 Necrotise                Necr           28%        1d5       9%          1
 Passwall                 Tmut/Erth      5%         N/A       13%         2
 Wereblood                Tmut           7%         N/A       13%         2
 Frozen Ramparts          Ice            14%        1d3       26%         3
 Hailstorm                Conj/Ice       7%         3d4       26%         3
 Ozocubu's Armour         Ice            7%         N/A       26%         3
 Spider Form              Tmut/Pois      7%         N/A       26%         3
 Dispel Undead            Necr           7%         3d8       63%         4
 Manifold Assault         Tloc           7%         N/A       63%         4
 Metabolic Englaciation   Hex/Ice        9%         N/A       63%         5
 Blade Hands              Tmut           3%         N/A       93%         5
 Death Channel            Necr           3%         N/A       100%        6
 Storm Form               Tmut/Air       9%         N/A       100%        7
 Portal Projectile        Hex/Tloc       Unusable   N/A       N/A         3
 Simulacrum               Ice/Necr       Unusable   N/A       N/A         6

Dungeon Overview and Level Annotations

Branches:
Dungeon (10/15)            Temple (1/1) D:4            Lair (0/5) D:9
    Orc: D:9-12

Altars:
Ashenzari
Cheibriados
Dithmenos
Elyvilon
Fedhas
Gozag
Hepliaklqana
Kikubaaqudgha
Makhleb
Nemelex Xobeh
Okawaru
Qazlal
Ru
Sif Muna
Trog
Uskayaw
Vehumet
Wu Jian
Xom
Yredelemnul
Zin
The Shining One

Shops:
D:1 (   D:2 ?   D:5 *   D:6 :

Annotations:
D:3 Grinder
D:10 Sonja


Innate Abilities, Weirdness & Mutations

You have sharp claws.
You have razor-sharp teeth.
You have supernaturally acute eyesight. (SInv)
You cover ground quickly. (Speed+)
You are covered in thick fur. (AC +2)
Your paws help you pounce on unaware monsters.
You are incapable of wielding weapons or throwing items.
You cannot wear armour.
You gain extra lives every three experience levels.
You are partially covered in iridescent scales. (AC +2)


Message History

The ufetubus hits you but does no damage.
A starcursed mass splits.
A starcursed mass splits.
A green death comes into view.
The rakshasa weaves an illusion.
The ufetubus hits you. The ufetubus misses you.
The ufetubus attacks as you move away! The ufetubus closely misses you.
The ufetubus misses you. The ufetubus attacks as you move away!
The ufetubus misses you. The ufetubus completely misses you.
The ufetubus attacks as you move away! The ufetubus hits you.
The ufetubus closely misses you.
The rakshasa weaves an illusion.
The ufetubus misses you. The ufetubus completely misses you.
A blizzard demon comes into view.
The blizzard demon shouts!
The blizzard demon waves its arms in wide circles.
The air twists around and strikes you!!
Ouch! That really hurt!
You die...
You are now level 8!
You rejoin the land of the living...
You are suddenly pulled into a different region of the Abyss!
The ufetubus disappears in a puff of smoke!
A raiju assembles itself!
The raiju bursts into living lightning!
The living lightning hits you!
The raiju blinks!
The raiju misses you.
The raiju bursts into living lightning!
The living lightning hits you!!
Ouch! That really hurt!
* * * LOW HITPOINT WARNING * * *
The raiju blinks!
The raiju misses you.
A small abomination comes into view.
The raiju barely misses you.
The raiju bursts into living lightning!
The living lightning hits you!
You die...
Your body crumbles into a pile of gold.

# #. ## ##.# #.# #.
..#...#####.## #.#
#......#.#...###...
#.....@......#...
#......#..x.......
..#...###.....#. #.
##.# ##h..## .#
##...### #.#####.
..##.....
...........
#....####. .........
##.#......####..#.#.
#. #......# ..# .


You could see a raiju and a small abomination.

Vanquished Creatures
  A water moccasin (D:8)
  3 adders
  A rat (D:1)
5 creatures vanquished.

Vanquished Creatures (collateral kills)
  A troll (D:9)
  A wyvern (D:9)
  A wraith (D:10)
  Edmund (D:6)
  A steam dragon (D:9)
  An acid dragon (D:9)
  A sky beast (D:8)
  An ice beast (D:5)
  A black bear (D:7)
  2 centaurs
  Blork the orc (D:4)
  3 kobold brigands
  A necrophage (D:7)
  2 wights
  2 howler monkeys
  A gnoll bouda (D:9)
  A jelly (D:6)
  5 hounds
  2 orc priests
  Ijyb (D:3)
  6 orc wizards
  5 iguanas
  8 gnolls
  6 adders
  5 white imps
  An ufetubus (D:6)
  A worm (D:2)
  A dart slug (D:5)
  11 orcs
  9 ball pythons
  7 endoplasms
  A giant cockroach (D:2)
  4 goblins
  9 hobgoblins
  2 quokkas
  3 bats
  4 frilled lizards
  14 kobolds
  6 rats
133 creatures vanquished.

Vanquished Creatures (others)
  A two-headed ogre (D:9)
  An acid dragon (D:10)
  2 orc warriors
  A black bear (D:6)
  An ice beast (D:6)
  A bullfrog (D:7)
  A gnoll sergeant (D:9)
  8 wights
  6 killer bees (D:9)
  2 jellies
  3 orc priests (D:6)
  An iguana (D:6)
  4 gnolls (D:9)
  An ufetubus (D:6)
  An orc (D:6)
  3 kobolds (D:7)
  17 fungi (D:6)
54 creatures vanquished.

Grand Total: 192 creatures vanquished

Notes
Turn   | Place    | Note
-------+----------+-------------------------------------------
     0 | D:1      | wormed the Felid Summoner began the quest for the Orb.
     0 | D:1      | Reached XP level 1. HP: 7/7 MP: 4/4
   536 | D:1      | Reached XP level 2. HP: 11/11 MP: 6/6
   891 | D:1      | Found Damoicku's Weapon Shop.
  1365 | D:2      | Reached XP level 3. HP: 14/14 MP: 6/8
  1371 | D:2      | Learned a level 3 spell: Call Canine Familiar
  1884 | D:2      | Found Edwuddaq's Magic Scroll Boutique.
  1918 | D:2      | Identified the +3 leather armour "Goets" {rElec rCorr Dex+2
                  | Stlth+}
  1934 | D:2      | Bought a scroll of identify for 26 gold pieces
  2235 | D:3      | Reached XP level 4. HP: 14/18 MP: 4/9
  2342 | D:3      | Noticed Grinder
  2699 | D:3      | Noticed Ijyb
  2743 | D:3      | Killed Ijyb
  2744 | D:3      | Reached skill level 5 in Summonings
  2966 | D:3      | Learned a level 3 spell: Summon Guardian Golem
  3344 | D:3      | Found a hide-covered altar of Uskayaw.
  3344 | D:3      | Found a glowing golden altar of the Shining One.
  3781 | D:4      | Found a bloodstained altar of Trog.
  3933 | D:4      | Reached XP level 5. HP: 21/21 MP: 11/11
  4005 | D:4      | Reached skill level 1 in Hexes
  4192 | D:4      | Noticed Blork the orc
  4222 | D:4      | Killed Blork the orc
  4223 | D:4      | Reached skill level 1 in Fighting
  4307 | D:4      | Found a staircase to the Ecumenical Temple.
  4340 | D:4      | Gained mutation: You are covered in thick fur. (AC +2)
                  | [Felid growth]
  4340 | D:4      | Reached XP level 6. HP: 25/25 MP: 9/12
  4654 | Temple   | Entered the Ecumenical Temple
  4897 | D:2      | Bought a scroll of identify for 26 gold pieces
  4897 | D:2      | Bought a scroll of teleportation for 39 gold pieces
  4950 | D:5      | Entered Level 5 of the Dungeon
  4954 | D:5      | Found an ornate altar of the Wu Jian Council.
  5541 | D:5      | Noticed an ice beast
  5663 | D:5      | Found an iron altar of Okawaru.
  5786 | D:5      | Found a radiant altar of Vehumet.
  5822 | D:5      | Killed an ice beast
  5823 | D:5      | Reached XP level 7. HP: 30/30 MP: 3/14
  5921 | D:5      | Found Meprurya's Elemental Accessories.
  6371 | D:6      | Noticed Edmund
  6415 | D:6      | Killed Edmund
  6416 | D:6      | Reached skill level 5 in Dodging
  6416 | D:6      | Reached skill level 1 in Air Magic
  6873 | D:6      | Reached XP level 8. HP: 14/34 MP: 6/16
  7112 | D:6      | Reached skill level 5 in Hexes
  7167 | D:6      | Reached skill level 5 in Spellcasting
  7378 | D:5      | Learned a level 4 spell: Summon Lightning Spire
  7381 | D:5      | Learned a level 2 spell: Blink
  7709 | D:6      | Found Foesux's Book Shop.
  8815 | D:7      | Reached XP level 9. HP: 39/39 MP: 14/18
  9735 | D:8      | Found a stormy altar of Qazlal.
  9792 | D:8      | Found an opulent altar of Gozag.
  9803 | D:8      | Found a burning altar of Makhleb.
  9952 | D:8      | Became a worshipper of Gozag Ym Sagoz the Greedy
 10132 | D:8      | Found a white marble altar of Elyvilon.
 10791 | D:8      | Reached skill level 5 in Fighting
 11078 | D:9      | Found a staircase to the Lair.
 11249 | D:9      | Noticed a two-headed ogre
 11288 | D:9      | Killed a two-headed ogre
 11469 | D:9      | Reached XP level 10. HP: 45/45 MP: 5/20
 12522 | D:10     | Entered Level 10 of the Dungeon
 12522 | D:10     | Noticed Sonja
 12788 | D:10     | Killed from afar by a steam dragon
 12789 | D:10     | Reached XP level 9. HP: 0/41 MP: 16/20
 13604 | D:10     | Reached skill level 5 in Air Magic
 13877 | D:10     | HP: 1/41 [poisoned by Sonja (curare-tipped dart)]
 13879 | D:10     | Gained mutation: You are partially covered in iridescent
                  | scales. (AC +2) [potion of mutation]
 13881 | Abyss:2  | Cast into level 2 of the Abyss (Sonja)
 13964 | Abyss:2  | Noticed a tentacled starspawn
 13979 | Abyss:2  | Noticed a yellow draconian
 13986 | Abyss:2  | Noticed a thrashing horror
 13988 | Abyss:2  | Noticed a freezing wraith
 14009 | Abyss:2  | Noticed a rakshasa
 14023 | Abyss:2  | Noticed a demonic crawler
 14024 | Abyss:2  | Noticed a starcursed mass
 14034 | Abyss:2  | Noticed a green death
 14040 | Abyss:2  | Noticed a blizzard demon
 14042 | Abyss:2  | Killed from afar by a blizzard demon
 14043 | Abyss:2  | Reached XP level 8. HP: -2/38 MP: 19/19
 14079 | Abyss:2  | Noticed a raiju
 14083 | Abyss:2  | HP: 1/38 [raiju/living lightning (25)]
 14092 | Abyss:2  | Killed from afar by a raiju

Illustrated notes

Levels and vault maps discovered:
D:1:      lightli_arrival_flooded_house, layout_basic, serial_shops,
          nicolae_shop_behind_doors, ebering_dispersal_statue_hall,
          minmay_misc_feat_encased
D:2:      layout_basic, serial_shops, shop_statue
D:3:      layout_loops_ring, gammafunk_temple_overflow_pools,
          minmay_diced_spiral, uniq_ijyb, uniq_grinder
D:4:      layout_basic, bloody_trog, temple_pool_b, uniq_blork_the_orc
D:5:      layout_cave_pools, vehumet_crystals, nzn_wu_jian_contemplation,
          mainiacjoe_overflow_surrounded_room, nicolae_elemental_shop,
          st_stairs_4
D:6:      layout_rooms, serial_shops, shop, corexii_corridor_pit,
          dreamdust_mushroom_princess, uniq_edmund
D:7:      layout_rooms, minmay_stone_trees_small
D:8:      layout_gridville, mainiacjoe_overflow_alcove_1,
          mainiacjoe_overflow_large_starburst, grunt_qazlal_sundering,
          grunt_decor_clamped
D:9:      layout_long_grid, lair_entry_dummy
D:10:     layout_basic, uniq_sonja
Temple:   hellmonk_temple_forest_ring
Abyss:2:  base: D:2, minivault_22, spicy_abyss_helpful_harpoons,
          serial_sigils_hangedman_gut, serial_sigils_hangedman_gut,
          guppyfry_abyss_exit_imp_island

Skill      XL: |  1  2  3  4  5  6  7  8  9 10 |
---------------+-------------------------------+-----
Spellcasting   | 3 4 5 6 |  6.9
Summonings     | 5 6 7 8 |  8.3
Dodging        | 3 4 5 6 8 |  8.7
Hexes          | 2 3 4 5 |  5.0
Fighting       | 1 2 3 4 5 6 |  6.2
Air Magic      | 1 3 5 |  5.0
Stealth        | |  2.6

Action                   |  1- 3 |  4- 6 |  7- 9 | 10-12 || total
-------------------------+-------+-------+-------+-------++-------
Melee: Unarmed           |    35 |    14 |    37 |       ||    86
       Bite              |     3 |       |     6 |       ||     9
       Punch             |       |       |     1 |       ||     1
 Cast: Summon Small Mamm |    46 |    38 |    34 |     3 ||   121
       Call Canine Famil |     9 |    39 |    66 |     8 ||   122
       Summon Guardian G |       |     2 |    58 |    11 ||    71
       Summon Lightning  |       |       |    11 |     8 ||    19
Evoke: Wand              |       |     1 |     1 |       ||     2
  Use: Scroll            |       |     3 |     3 |     1 ||     7
       Potion            |       |       |     5 |       ||     5
 Stab: Distracted        |       |       |     2 |       ||     2
       Sleeping          |       |       |     2 |       ||     2
Armor: Skin              |     6 |     2 |    10 |       ||    18
Dodge: Dodged            |    39 |    27 |   104 |    15 ||   185

Table legend: (Time is in decaauts)
 A = Elapsed time spent in this place.
 B = Non-inter-level travel time spent in this place.
 C = Inter-level travel time spent in this place.
 D = Time resting spent in this place.
 E = Time spent auto-exploring this place.
 F = Levels seen in this place.
 G = Mean time per level.
                   A        B        C        D        E       F      G
               +--------+--------+--------+--------+--------+-----+--------+
         Total |  12574 |  12037 |    537 |   1266 |   7461 |  12 | 1047.8 |
       Dungeon |  12279 |  11756 |    523 |   1266 |   7290 |  10 | 1227.9 |
        Temple |    131 |    118 |     13 |      0 |    109 |   1 |  131.0 |
         Abyss |    163 |    163 |      0 |      0 |     62 |   1 |  163.0 |
               +--------+--------+--------+--------+--------+-----+--------+

Top non-repeatable levels by time:
     D:6: 1669 daAuts
     D:9: 1520 daAuts
     D:5: 1392 daAuts
     D:2: 1311 daAuts
    D:10: 1164 daAuts
     D:8: 1125 daAuts
     D:7: 1102 daAuts
     D:3: 1078 daAuts
     D:4: 994 daAuts
     D:1: 920 daAuts
 Abyss:2: 163 daAuts
  Temple: 131 daAuts
